 Dungeon Crawl Stone Soup version 0.29.1-13-g9f3cf754e1 (webtiles) character file.

Game seed: 18071489091644934799

14 Exodus22XD the Shield-Bearer (level 2, 22/27 HPs)
             Began as a Minotaur Fighter on Feb 4, 2023.
             Was a Follower of Sif Muna.
             Quit the game on level 1 of the Dungeon.
             The game lasted 00:00:21 (508 turns).

Exodus22XD the Shield-Bearer (Minotaur Fighter)      Turns: 508, Time: 00:00:22

Health: 22/27      AC:  7    Str: 20    XL:     2   Next: 31%
Magic:  1/1        EV:  9    Int:  5    God:    Sif Muna [*.....]
Gold:   44         SH:  4    Dex:  9    Spells: 1/1 levels left

rFire   . . .      SeeInvis .   a - +0 war axe
rCold   . . .      Faith    .   c - +0 buckler
rNeg    . . .      Spirit   .   b - +0 scale mail
rPois   .          Reflect  .   (helmet restricted)
rElec   .          Harm     .   (no cloak)
rCorr   .          Rampage  .   (no gloves)
Will    .....                   (no boots)
Stlth   ..........              (no amulet)
HPRegen 0.09/turn               (no ring)
MPRegen 0.07/turn               (no ring)

@: no status effects
A: horns 2, retaliatory headbutt
a: Renounce Religion, Channel Magic


You were on level 1 of the Dungeon.
You worshipped Sif Muna.
Sif Muna was aware of your devotion.
You visited 1 branch of the dungeon, and saw 1 of its levels.

You collected 44 gold pieces.

Inventory:

Hand Weapons
 a - a +0 war axe (weapon)
Armour
 b - a +0 scale mail (worn)
 c - a +0 buckler (worn)
Scrolls
 e - a scroll of torment {unknown}
 f - a scroll of identify {unknown}
 j - a scroll of teleportation {unknown}
Potions
 d - a potion of might
 g - a potion of degeneration {unknown}
 h - a potion of cancellation {unknown}
 i - a potion of ambrosia {unknown}
 k - a potion of heal wounds {unknown}


   Skills:
 + Level 3.9 Fighting
 + Level 2.6 Axes
 + Level 3.9 Armour
 + Level 3.9 Shields


You had one spell level left.
You didn't know any spells.
Your spell library was empty.

Dungeon Overview and Level Annotations

Branches:
Dungeon (1/15)

Altars:
Sif Muna


Innate Abilities, Weirdness & Mutations

You have a pair of horns on your head.
You reflexively headbutt those who attack you in melee.


Message History

You now have 44 gold pieces (gained 12).
An endoplasm comes into view.
The endoplasm quivers.
An endoplasm is nearby!
An endoplasm is nearby!
The endoplasm hits you but does no damage.
You slash the endoplasm!
You kill the endoplasm!
Found a leather armour.
No target in view!
You see here a +0 leather armour.
You see here a +0 leather armour.
Found a stone staircase leading down.
No target in view!
Key pressed, stopping explore.
No target in view!
No target in view!
No target in view!
k - a sapphire potion No target in view!
An endoplasm comes into view.
The endoplasm quivers.
Found 9 stones.
An endoplasm is nearby!
Found a faded altar of an unknown god.
An endoplasm is nearby!
The endoplasm hits you.
An endoplasm is nearby!
You hit the endoplasm.
The endoplasm is heavily wounded.
The endoplasm freezes you.
You are frozen.
You hit the endoplasm.
You kill the endoplasm!
There is a faded altar of an unknown god here.
You cannot tell which god this altar belongs to.
Convert to them anyway?
Sif Muna accepts your prayer! Sif Muna welcomes you!
You can now call upon Sif Muna for magical energy.
Are you sure you want to abandon this character and quit the game? (Confirm with "yes".)

#####.##..
#.#### #.#
#####.###
........#
.####.#.# ###
.# #.#.# ##
#.# #### .#
#.#.# 8. #.#
..8 ## #...#
###.##@##.###
#.###
#.......(...#
#.#
#^#.......#^#
#.#
#8.........8#
#####
####.....####
....#
#.####.#
###.# ... #.#
# #### #.# #
#.########.#


There were no monsters in sight!

Vanquished Creatures
  A bat (D:1)
  5 endoplasms (D:1)
  2 goblins (D:1)
  A quokka (D:1)
  2 frilled lizards (D:1)
  A rat (D:1)
12 creatures vanquished.

Notes
Turn   | Place    | Note
-------+----------+-------------------------------------------
     0 | D:1      | Exodus22XD the Minotaur Fighter began the quest for the
                  | Orb.
     0 | D:1      | Reached XP level 1. HP: 19/19 MP: 0/0
   156 | D:1      | Reached XP level 2. HP: 27/27 MP: 1/1
   497 | D:1      | Found a faded altar of an unknown god.
   507 | D:1      | Prayed at the altar of an unknown god.
   507 | D:1      | Became a worshipper of Sif Muna the Loreminder
   507 | D:1      | Reached * piety under Sif Muna
   508 | D:1      | Quit the game

Illustrated notes

Levels and vault maps discovered:
D:1:      mrwooster_arrival_statue, layout_loops_ring,
          shapermc_ecumenical_altar_mp_highgroup

Action                   || total
-------------------------++-------
Melee: War axe           ||    25
       Headbutt          ||     2
Armor: Scale mail        ||    20
Dodge: Dodged            ||     6
Block: Buckler           ||     6
